 Dungeon Crawl Stone Soup version 0.27-a0-448-gace5c5693b (webtiles) character file.

Game seed: 8834616649741530748

361 HoaS the Insei (level 6, -4/51 HPs)
             Began as a Demigod Gladiator on Feb 27, 2021.
             Slain by an ogre
             ... wielding a +0 giant club
              (24 damage)
             ... on level 4 of the Dungeon.
             The game lasted 00:08:12 (3992 turns).

HoaS the Insei (Demigod Gladiator)                  Turns: 3992, Time: 00:08:13

Health: -4/51      AC: 11    Str: 19    XL:     6   Next: 15%
Magic:  8/8        EV:  9    Int: 10    God:
Gold:   174        SH:  0    Dex: 19    Spells: 5/5 levels left

rFire    . . .     SeeInvis .     - Unarmed
rCold    . . .     Faith    .   (no shield)
rNeg     + . .     Spirit   .   o - +0 chain mail
rPois    .         Reflect  .   b - +0 helmet
rElec    .         Harm     .   e - +0 cloak
rCorr    .         Rampage  .   (no gloves)
Will     .....                  (no boots)
Stlth    ..........             (no amulet)
HPRegen  0.17/turn              j - ring of positive energy
MPRegen  0.11/turn              (no ring)

@: no status effects
A: high mp 1
a: no special abilities


You were on level 4 of the Dungeon.
You visited 1 branch of the dungeon, and saw 4 of its levels.

You collected 174 gold pieces.

Inventory:

Missiles
 c - 2 throwing nets (quivered)
 g - 7 poisoned darts
Armour
 b - a +0 helmet (worn)
 e - a +0 cloak (worn)
 o - a +0 chain mail (worn)
Jewellery
 j - a ring of positive energy (left hand)
 m - a ring of fire
Wands
 f - a wand of paralysis (7)
Scrolls
 l - 2 scrolls of teleportation
Potions
 a - a potion of haste
 d - a potion of invisibility {unknown}
 h - a potion of heal wounds {unknown}
 i - a potion of brilliance {unknown}
 k - 2 potions of curing
 n - a potion of mutation {unknown}


   Skills:
 + Level 3.1 Fighting
 - Level 1.7 Throwing
 + Level 2.3 Armour
 + Level 3.8 Dodging
 * Level 4.6 Unarmed Combat


You had 5 spell levels left.
You didn't know any spells.
Your spell library was empty.

Dungeon Overview and Level Annotations

Branches:
Dungeon (4/15)
 Temple: D:4-7


Innate Abilities, Weirdness & Mutations

You have an increased reservoir of magic. (+10% MP)


Message History

You now have 164 gold pieces (gained 7).
You see here a +0 scimitar.
You feel sick.
There is a stone staircase leading up here.
You feel sick.
You feel sick.
You are no longer poisoned.
You now have 174 gold pieces (gained 10).
There is a stone staircase leading up here.
An ogre comes into view. It is wielding a +0 giant club.
The ogre shouts!
Throw: 9 darts (poison)
Press: ? - help, Shift-Dir - straight line, f - ogre
Aim: an ogre, wielding a +0 giant club (75% to hit)
You throw a poisoned dart. The poisoned dart hits the ogre.
The ogre is poisoned.
Throw: 8 darts (poison)
Press: ? - help, Shift-Dir - straight line, f/p - ogre
Aim: an ogre, wielding a +0 giant club (poisoned, 75% to hit)
You throw a poisoned dart. The poisoned dart hits the ogre.
The ogre looks even sicker.
There is a stone staircase leading up here.
There is a stone staircase leading up here.
The ogre barely misses you.
The ogre looks more healthy.
You hit the ogre. You punch the ogre, but do no damage.
The ogre is heavily wounded.
The ogre hits you with a +0 giant club!!
You barely miss the ogre.
The ogre is heavily wounded.
The ogre hits you but does no damage.
You hit the ogre.
The ogre is severely wounded.
The ogre hits you with a +0 giant club!
You hit the ogre.
The ogre is almost dead.
You barely miss the ogre.
The ogre is almost dead.
The ogre hits you with a +0 giant club!!
You die...

#......##..####...###......##.
#.#.##.##..##...### #########.
#...##.#...#...## ##
######.#...##...###
#.#...####...###
#.###.######...# #
#.....<...#...#####.#
#######.O....#......##
#.....).@..>......(..#
#.########.###########
...........#####
#######........###
#.#........## #.####......#
#.# ####...# #.# #...# #.#
...#


You could see an ogre.

Vanquished Creatures
  Grinder (D:3)
  A worker ant (D:4)
  5 adders (D:3)
  2 oozes
  3 worms (D:3)
  3 dart slugs
  2 leopard geckos
  6 orcs (D:3)
  3 ball pythons
  11 bats
  4 giant cockroaches
  8 goblins
  4 hobgoblins
  10 jackals
  A quokka (D:2)
  5 frilled lizards
  A jackal skeleton (D:4)
  6 kobolds
  6 rats
82 creatures vanquished.

Notes
Turn   | Place    | Note
-------+----------+-------------------------------------------
     0 | D:1      | HoaS the Demigod Gladiator began the quest for the Orb.
     0 | D:1      | Reached XP level 1. HP: 17/17 MP: 3/3
   277 | D:1      | Reached skill level 3 in Unarmed Combat
   277 | D:1      | Reached XP level 2. HP: 18/24 MP: 4/4
   568 | D:1      | Reached XP level 3. HP: 19/29 MP: 5/5
   584 | D:1      | Reached skill level 1 in Armour
  1726 | D:2      | Found a snail-covered altar of Cheibriados.
  2565 | D:3      | Reached XP level 4. HP: 36/37 MP: 6/6
  2603 | D:3      | Found a hide-covered altar of Uskayaw.
  3157 | D:3      | Noticed Grinder
  3160 | D:3      | Paralysed by Grinder for 2 turns
  3178 | D:3      | Paralysed by Grinder for 4 turns
  3191 | D:3      | Paralysed by Grinder for 2 turns
  3222 | D:3      | Killed Grinder
  3223 | D:3      | Reached skill level 4 in Unarmed Combat
  3223 | D:3      | Reached XP level 5. HP: 11/45 MP: 7/7
  3513 | D:3      | Reached XP level 6. HP: 51/51 MP: 8/8
  3813 | D:4      | Found a shimmering altar of Xom.
  3992 | D:4      | Slain by an ogre

Illustrated notes

Levels and vault maps discovered:
D:1:      erik_arrival_cave_to_civilisation [erik_arrival_cave_to_hall],
          layout_rooms
D:2:      layout_basic, lemuel_coloured_pillars_altar
D:3:      layout_loops_ring, nicolae_overflow_hidden_temple, uniq_grinder
D:4:      layout_basic, nicolae_gozag_cash_rules_everything_around_me,
          overflow_temple_1_default, serial_curves, eino_curves_03,
          eino_curves_04, eino_curves_04, eino_curves_02

Skill      XL: |  1  2  3  4 |
---------------+-------------+-----
Unarmed Combat | 3 4 |  4.6
Fighting       | 2 3 |  3.1
Dodging        | 3 |  3.8
Armour         | 1 2 |  2.3
Throwing       | |  1.7

Action                   |  1- 3 |  4- 6 || total
-------------------------+-------+-------++-------
Melee: Unarmed           |   218 |   159 ||   377
       Punch             |     3 |     6 ||     9
Throw: Throwing net      |     1 |     3 ||     4
       Dart              |       |    13 ||    13
  Use: Scroll            |     5 |     3 ||     8
 Stab: Held in net/web   |       |     1 ||     1
Armor: Leather armour    |    42 |       ||    42
       Ring mail         |    24 |       ||    24
       Chain mail        |     6 |    66 ||    72
Dodge: Dodged            |   141 |    51 ||   192

Table legend: (Time is in decaauts)
 A = Elapsed time spent in this place.
 B = Non-inter-level travel time spent in this place.
 C = Inter-level travel time spent in this place.
 D = Time resting spent in this place.
 E = Time spent auto-exploring this place.
 F = Levels seen in this place.
 G = Mean time per level.
                   A        B        C        D        E       F      G
               +--------+--------+--------+--------+--------+-----+--------+
         Total |   3963 |   3818 |    145 |   1263 |   1812 |   4 |  990.8 |
       Dungeon |   3963 |   3818 |    145 |   1263 |   1812 |   4 |  990.8 |
               +--------+--------+--------+--------+--------+-----+--------+

Top non-repeatable levels by time:
     D:3: 1644 daAuts
     D:1: 1214 daAuts
     D:2: 927 daAuts
     D:4: 176 daAuts
